 Dungeon Crawl Stone Soup version 0.24-a0-513-g284f782df5 (webtiles) character file.

Game seed: 6150077840810226317

577 KristoblXynda the Slasher (level 7, -3/82 HPs)
             Began as a Grey Draconian Skald on July 20, 2019.
             Was a Follower of Ashenzari.
             Slain by Pikel
             ... wielding a +0 whip of electrocution
              (15 damage)
             ... on level 6 of the Dungeon.
             The game lasted 00:08:04 (6998 turns).

KristoblXynda the Slasher (Grey Draconian Skald)    Turns: 6998, Time: 00:08:05

Health: -3/82      AC: 19    Str: 14    XL:     7   Next: 13%
Magic:  5/10       EV:  2    Int: 15    God:    Ashenzari [*.....]
Gold:   324        SH:  0    Dex: 10    Spells: 3/10 levels left

rFire    . . .     SeeInvis .   l - +1 falchion (holy)
rCold    . . .     Gourm    .   (no shield)
rNeg     + + +     Faith    .   (armour unavailable)
rPois    +         Spirit   .   (helmet currently unavailable)
rElec    .         Reflect  .   (cloak currently unavailable)
rCorr    .         Harm     .   (gloves currently unavailable)
MR       .....     NoTele   +   (boots currently unavailable)
Stlth    +.........             (no amulet)
HPRegen  0.23/turn              (no ring)
MPRegen  0.12/turn              (no ring)

@: tree-form, infused, corroded
A: (walk through water), unfitting armour, AC +11
a: Curse Item, Scrying, Renounce Religion


You were on level 6 of the Dungeon.
You worshipped Ashenzari.
Ashenzari was aware of your devotion.
You were not hungry.
You were a tree.
You visited 2 branches of the dungeon, and saw 7 of its levels.

You collected 324 gold pieces.

Inventory:

Hand Weapons
 l - a +1 falchion of holy wrath (weapon)
 z - a +0 long sword
Armour
 x - a +0 cloak (melded)
Jewellery
 k - an uncursed amulet of the gourmand
 n - an uncursed ring of magical power
 q - an uncursed ring of flight
Scrolls
 e - a scroll of enchant weapon {unknown}
 f - a scroll of blinking {unknown}
 h - 3 scrolls of teleportation {unknown}
 i - 2 scrolls of remove curse
 m - 3 scrolls of enchant armour {unknown}
 o - 2 scrolls of magic mapping {unknown}
 p - a scroll of noise {unknown}
 r - 2 scrolls of amnesia {unknown}
 y - a scroll of fear {unknown}
Potions
 a - a potion of agility {unknown}
 b - a potion of flight
 d - 2 potions of might
 g - 2 potions of haste
 j - a potion of mutation
 s - a potion of ambrosia
 u - a potion of berserk rage {unknown}
 v - a potion of curing {unknown}
Comestibles
 c - 11 rations


   Skills:
 - Level 2.1 Fighting
 * Level 5.7 Long Blades
 + Level 4.0 Dodging
 - Level 2.0 Spellcasting
 + Level 4.3 Charms


You had 3 spell levels left.
You knew the following spells:

 Your Spells              Type           Power        Failure   Level  Hunger
a - Infusion              Chrm           ##..         3%          1    #......
b - Regeneration          Chrm/Necr      #.........   26%         3    ###....
c - Spectral Weapon       Hex/Chrm       #.......     26%         3    ###....

Your spell library contained the following spells:

 Spells                   Type           Power        Failure   Level  Hunger
 Song of Slaying          Chrm           ##......     5%          2    ###....
 Shroud of Golubria       Chrm/Tloc      #.....       14%         2    ###....
 Summon Small Mammal      Summ           #...         22%         1    #......
 Call Imp                 Summ           #.......     32%         2    ###....
 Call Canine Familiar     Summ           #.......     54%         3    ###....
 Summon Guardian Golem    Hex/Summ       #.......     54%         3    ###....
 Summon Ice Beast         Ice/Summ       #.......     91%         4    #####..
 Summon Lightning Spire   Summ/Air       #.......     91%         4    #####..


Dungeon Overview and Level Annotations

Branches:
Dungeon (6/15)             Temple (1/1) D:5

Altars:
Ashenzari
Cheibriados
Dithmenos
Elyvilon
Fedhas
Gozag
Hepliaklqana
Makhleb
Okawaru
Qazlal
Ru
Sif Muna
Trog
Uskayaw
Vehumet
Xom
Yredelemnul
Zin
The Shining One

Annotations:
D:3 2 runed translucent doors, nikopol's ghost, amateur MiBe
D:6 Pikel


Innate Abilities, Weirdness & Mutations

((You can walk through water.))
((Your dull iron-grey scales are very hard. (AC +11)))
You cannot fit into any form of body armour.
((You can survive without breathing.))
((You are cold-blooded and may be slowed by cold attacks.))


Message History

* * * LOW HITPOINT WARNING * * *
The jelly is moderately wounded.
Pikel hits you with a +0 whip of electrocution.
* * * LOW HITPOINT WARNING * * *
The jelly hits you but does no damage.
Unknown command.
You hit the jelly.
Your branches burn!
* * * LOW HITPOINT WARNING * * *
The jelly is heavily wounded.
Pikel completely misses you.
You riposte.
You hit Pikel but do no damage.
Pikel is lightly wounded.
The jelly hits you but does no damage.
Unknown command.
You aren't carrying any items that you can evoke.
Unknown command.
You slash the jelly!
Your branches burn!
* * * LOW HITPOINT WARNING * * *
The jelly is almost dead.
Pikel hits you but does no damage.
You are electrocuted!
You die...

#......<..................#
#######.........p...).....#
########..{.p.......#
#####p.......#
#...pp.......# +###
##.p#........# ...#
###+####..#........## ...+
#.....##p.#............
...#
#....J♣Kpp+............
...#
###'####p.#............
...#
##.....##..#####........
...# #.......#...+
#....#### ...#
#......##+### #....# ...#
#......## ## ....# ...#
#.......# ..# ...# ...#+##
##......#... +#....#
#..##.###.#


You could see Pikel, 4 slaves and a jelly.

Vanquished Creatures
  A scorpion (D:5)
  A jelly (D:6)
  An orc priest (D:5)
  A hound (D:3)
  3 orc wizards (D:5)
  A centaur skeleton (D:3)
  Terence (D:2)
  An iguana (D:6)
  2 worker ants
  3 gnolls (D:6)
  6 adders
  2 oozes
  An adder zombie (D:6)
  2 adder skeletons
  6 worms
  3 dart slugs
  5 leopard geckos
  10 orcs (D:5)
  6 bats
  5 giant cockroaches
  8 goblins
  9 hobgoblins
  9 jackals
  8 kobolds
  A quokka (D:4)
  3 frilled lizards
  5 rats
104 creatures vanquished.

Vanquished Creatures (others)
  5 dream sheep (D:3)
5 creatures vanquished.

Grand Total: 109 creatures vanquished

Notes
Turn   | Place    | Note
-------+----------+-------------------------------------------
     0 | D:1      | KristoblXynda the Draconian Skald began the quest for the
                  | Orb.
     0 | D:1      | Reached XP level 1. HP: 17/17 MP: 3/3
   258 | D:1      | Reached XP level 2. HP: 21/24 MP: 5/5
  1025 | D:2      | Noticed Terence
  1606 | D:2      | Reached XP level 3. HP: 29/29 MP: 6/6
  1752 | D:2      | Learned a level 3 spell: Regeneration
  1765 | D:2      | Reached skill level 3 in Long Blades
  2053 | D:2      | Reached XP level 4. HP: 22/36 MP: 2/7
  2365 | D:2      | Found a shattered altar of Ashenzari.
  2378 | D:2      | Killed Terence
  2385 | D:2      | Became a worshipper of Ashenzari the Shackled
  2817 | D:3      | Found a basalt altar of Yredelemnul.
  2885 | D:3      | Reached skill level 4 in Long Blades
  2885 | D:3      | Reached XP level 5. HP: 23/41 MP: 3/8
  2905 | D:3      | Found a runed translucent door.
  3554 | D:3      | Found a hide-covered altar of Uskayaw.
  3618 | D:3      | Noticed a dream sheep
  3618 | D:3      | Noticed a dream sheep
  3618 | D:3      | Noticed a dream sheep
  3618 | D:3      | Noticed a dream sheep
  3618 | D:3      | Noticed a dream sheep
  3618 | D:3      | Found a shimmering altar of Xom.
  3622 | D:3      | Killed a dream sheep
  3622 | D:3      | Killed a dream sheep
  3622 | D:3      | Killed a dream sheep
  3625 | D:3      | Killed a dream sheep
  3625 | D:3      | Killed a dream sheep
  3681 | D:3      | Found a snail-covered altar of Cheibriados.
  3685 | D:3      | Found a glowing silver altar of Zin.
  3765 | D:3      | Found a runed translucent door.
  3765 | D:3      | Noticed nikopol's ghost (amateur MiBe)
  4139 | D:4      | Reached * piety under Ashenzari
  4388 | D:4      | Found a blossoming altar of Fedhas.
  4834 | D:5      | Entered Level 5 of the Dungeon
  4874 | D:5      | Reached XP level 6. HP: 23/48 MP: 3/9
  5085 | D:5      | Found an iron altar of Okawaru.
  5107 | D:5      | Reached skill level 5 in Long Blades
  5352 | D:5      | Found a sacrificial altar of Ru.
  5833 | D:5      | Found a staircase to the Ecumenical Temple.
  6263 | Temple   | Entered the Ecumenical Temple
  6694 | D:6      | Your scales start taking on a dull iron-grey colour.
  6694 | D:6      | Reached XP level 7. HP: 52/55 MP: 6/10
  6694 | D:6      | Gained mutation: You can survive without breathing. [Grey
                  | Draconian growth]
  6720 | D:6      | Learned a level 3 spell: Spectral Weapon
  6951 | D:6      | Noticed Pikel
  6998 | D:6      | Slain by Pikel

Levels and vault maps discovered:
D:1:      lightli_molten_gateway, layout_basic, minivault_24,
          kennysheep_small_spiral, minmay_bisected
D:2:      layout_basic, ashenzari_altar_1, first_ration, uniq_terence
D:3:      layout_basic, kb_xom_exploding_sheep, overflow_temple_1_default,
          eat_drink_and_be_merry_uskayaw,
          chequers_temple_overflow_statue_of_worship, ebering_ghost_sewer_f,
          minmay_hedge_maze, st_stairs_13, minivault_11, minmay_unequal
D:4:      layout_gridville, lemuel_doored_altar
D:5:      layout_loops_corners, nicolae_overflow_hidden_temple,
          minmay_temple_entry_statues, nicolae_ru_sacrificial_ziggurat
D:6:      layout_gridville, uniq_pikel
Temple:   compressed_dpeg_circular_temple

Skill      XL: |  1  2  3  4  5  6  7 |
---------------+----------------------+-----
Charms         | 3 4 |  4.3
Long Blades    | 3 4 5 |  5.7
Dodging        | 3 4 |  4.0
Fighting       | |  2.1
Spellcasting   | |  2.0

Action                   |  1- 3 |  4- 6 |  7- 9 || total
-------------------------+-------+-------+-------++-------
Melee: Falchion          |   112 |   249 |    22 ||   383
       Tailslap          |    12 |    31 |     1 ||    44
 Cast: Infusion          |     4 |    12 |     3 ||    19
  Use: Scroll            |     2 |     6 |       ||     8
       Potion            |       |     2 |     1 ||     3
 Stab: Sleeping          |     1 |     1 |       ||     2
  Eat: Chunk             |     4 |     9 |       ||    13
       Ration            |       |     2 |       ||     2
Armor: Skin              |    37 |    75 |    16 ||   128
Dodge: Dodged            |    88 |   176 |    17 ||   281
       Rpst.: Falchion   |    35 |    48 |     7 ||    90

Table legend:
 A = Non-vault XP
 B = Vault XP
 C = Vault XP percentage of total XP
 D = Non-vault monster count
 E = Vault monster count
 F = Vault count percentage of total count
                 A         B        C        D         E       F
            +---------+---------+-------+---------+---------+-------
      Total |     730 |      95 |  11.5 |      99 |       5 |   4.8
            +---------+---------+-------+---------+---------+-------
        D:1 |      25 |       2 |   7.4 |      14 |       1 |   6.7
        D:2 |     107 |      36 |  25.2 |      26 |       1 |   3.7
        D:3 |      95 |      57 |  37.5 |      27 |       3 |  10.0
        D:4 |      24 |       0 |   0.0 |       4 |       0 |   0.0
        D:5 |     301 |       0 |   0.0 |      20 |       0 |   0.0
        D:6 |     178 |       0 |   0.0 |       8 |       0 |   0.0
            +---------+---------+-------+---------+---------+-------
